 Dungeon Crawl Stone Soup version 0.27-a0-1149-g4505690ab0 (webtiles) character file.

Game seed: 5758657206668965676

6874 Azzok the Cleaver (level 10, -4/70 HPs)
             Began as a Demonspawn Berserker on May 12, 2021.
             Was a High Priest of Trog.
             Slain by a wight
             ... wielding a +2 dagger of electrocution
              (8 damage)
             ... on level 8 of the Dungeon.
             The game lasted 00:13:22 (9584 turns).

Azzok the Cleaver (Demonspawn Berserker)            Turns: 9584, Time: 00:13:22

Health: -4/70      AC: 21    Str: 20    XL:     10   Next: 78%
Magic:  0/10       EV:  6    Int: 10    God:    Trog [*****.]
Gold:   341        SH:  0    Dex: 12    Spells: 9/9 levels left

rFire    . . .     SeeInvis .   i - +4 rapier (drain)
rCold    . . .     Faith    .   (no shield)
rNeg     . . .     Spirit   +   I - +1 plate armour
rPois    +         Reflect  .   p - +0 helmet
rElec    .         Harm     .   o - +2 cloak
rCorr    .         Rampage  .   (no gloves)
Will     .....                  (no boots)
Stlth    ..........             u - amulet of guardian spirit
HPRegen  0.21/turn              n - +4 ring of protection
MPRegen  0.12/turn              x - ring of poison resistance

@: confused, on berserk cooldown, slowed, very slow
A: talons 2, icy blue scales 1, powered by death 2
a: Renounce Religion, Berserk, Trog's Hand, Brothers in Arms


You were on level 8 of the Dungeon.
You worshipped Trog.
Trog was extremely pleased with you.
You visited 1 branch of the dungeon, and saw 8 of its levels.

You collected 537 gold pieces.
You spent 196 gold pieces at shops.

Inventory:

Hand Weapons
 i - a +4 rapier of draining (weapon)
 D - a +1 whip of freezing
 H - a +2 vorpal broad axe
Missiles
 z - a curare-tipped dart
Armour
 o - a +2 cloak (worn)
 p - a +0 helmet (worn)
 I - a +1 plate armour (worn)
Jewellery
 n - a +4 ring of protection (left hand)
 q - a ring of ice
 r - a +4 ring of evasion
 u - an amulet of guardian spirit (around neck)
 x - a ring of poison resistance (right hand)
 F - a +6 ring of strength
Wands
 y - a wand of paralysis (9)
 G - a wand of iceblast (15)
Scrolls
 c - a scroll of noise
 e - a scroll of enchant armour
 g - 10 scrolls of identify {unknown}
 k - 2 scrolls of magic mapping
 l - 2 scrolls of teleportation {unknown}
 s - a scroll of fog {unknown}
 t - a scroll of blinking {unknown}
 v - a scroll of enchant weapon {unknown}
 w - a scroll of amnesia {unknown}
Potions
 a - a potion of berserk rage {unknown}
 b - a potion of cancellation {unknown}
 d - 4 potions of curing {unknown}
 f - a potion of flight {unknown}
 h - 2 potions of resistance {unknown}
 j - a potion of brilliance {unknown}
 m - a potion of degeneration {unknown}
 A - a potion of lignification {unknown}
 B - a potion of haste {unknown}
 C - 2 potions of mutation {unknown}
 E - a potion of might {unknown}


   Skills:
 - Level 3.0 Fighting
 + Level 14.7 Axes
 - Level 1.7 Armour
 - Level 1.7 Dodging


You had 9 spell levels left.
You didn't know any spells.
Your spell library was empty.

Dungeon Overview and Level Annotations

Branches:
Dungeon (8/15)             Temple (0/1) D:5
   Lair: D:8-11

Altars:
Uskayaw

Shops:
D:7 (   D:8 :


Innate Abilities, Weirdness & Mutations

You have razor-sharp toenails.
You are partially covered in icy blue scales. (AC +2)
You regenerate health from kills.


Message History

You feel your anger nearly subside.
You are no longer berserk.
You are exhausted.
You feel yourself slow down.
A troll comes into view.
A troll is nearby!
A wight comes into view.
It is wielding a +2 dagger of electrocution and carrying a wand of charming (10).
The troll shouts!
The wight zaps a wand.
You easily resist.
The troll bites you. The troll barely misses you. The troll claws you!
* * * LOW HITPOINT WARNING * * *
As you read the scroll labelled RECER DOEKASID, it crumbles to dust.
You feel aware of your surroundings.
It was a scroll of magic mapping.
The troll bites you.
* * * LOW HITPOINT WARNING * * *
The troll claws you.
* * * LOW HITPOINT WARNING * * *
The troll completely misses you.
The wight zaps a wand.
Your will is overpowered!
You are confused.
The troll bites you.
* * * LOW HITPOINT WARNING * * *
The troll claws you but does no damage. The troll claws you.
* * * LOW HITPOINT WARNING * * *
Okay, then.
The troll barely misses you. x2; The troll completely misses you.
The wight barely misses you. The wight hits you but does no damage.
You are electrocuted!
* * * LOW MAGIC WARNING * * *;
* * * LOW HITPOINT WARNING * * *
The troll bites you but does no damage. The troll claws you.
* * * LOW HITPOINT WARNING * * *
The troll claws you but does no damage.
You bump into the rock wall.
The wight zaps a wand.
Your will is overpowered!
You are more confused.
The troll bites you but does no damage. The troll barely misses you.
The troll claws you but does no damage. The wight hits you but does no damage.
The troll bites you.
* * * LOW MAGIC WARNING * * *;
* * * LOW HITPOINT WARNING * * *
The troll claws you but does no damage. x2
The wight hits you but does no damage.
You are electrocuted!
* * * LOW MAGIC WARNING * * *
You die...

▒▒▒▒····▒·····
▒▒▒▒▒·······▒·····
▒▒▒▒·▒▒··▒▒··········
▒▒·····▒▒··▒······▒···
▒······▒··········▒···
▒······▒·········▒·▒··
▒▒▒▒·····▒▒▒········▒·▒··
▒·····▒···▒········▒▒·▒▒·
▒▒····▒▒·@T▒···<····▒◦◦◦▒·
▒▒▒····<▒▒▒z·▒·······▒▒◦◦◦▒▒
▒·······)▒···▒·······▒◦◦░◦◦▒
▒▒·······)···········▒▒◦◦░◦◦▒
▒········[·▒·········▒◦◦◦◦◦◦◦
▒▒·····▒···▒▒·······▒▒░◦◦◦◦◦░
▒▒·▒▒·▒····▒·······▒◦░░░◦░░░
▒▒········▒······▒▒◦◦◦◦◦◦◦◦
▒▒······▒▒▒···▒▒▒▒░◦◦◦░░░░


You could see a troll and a wight.

Vanquished Creatures
  A hydra (D:8)
  A two-headed ogre (D:8)
  Pikel (D:7)
  An ugly thing (D:8)
  Joseph (D:7)
  A gargoyle (D:8)
  A wyvern (D:7)
  Eustachio (D:3)
  2 steam dragons
  2 water moccasins
  An ice beast (D:5)
  4 orc warriors
  3 black bears
  4 ogres
  4 necrophages
  4 centaurs
  A lemure (D:7)
  A phantom (D:6)
  A kobold brigand (D:6)
  4 bullfrogs
  2 gnoll sergeants
  2 scorpions
  A water moccasin skeleton (D:6)
  A howler monkey (D:6)
  A bullfrog zombie (D:6)
  3 orc priests
  A bullfrog skeleton (D:7)
  3 hounds
  A jelly (D:5)
  5 iguanas
  5 orc wizards
  A hound zombie (D:5)
  15 gnolls
  7 adders
  A shadow imp (D:6)
  A white imp (D:6)
  An ufetubus (D:7)
  An adder skeleton (D:3)
  3 worms
  3 dart slugs
  24 orcs
  13 ball pythons
  5 bats
  4 endoplasms
  2 giant cockroaches (D:4)
  6 hobgoblins
  10 jackals
  10 kobolds
  6 quokkas
  3 frilled lizards
  7 goblins
  2 rats (D:1)
189 creatures vanquished.

Notes
Turn   | Place    | Note
-------+----------+-------------------------------------------
     0 | D:1      | Azzok the Demonspawn Berserker began the quest for the Orb.
     0 | D:1      | Reached XP level 1. HP: 18/18 MP: 1/1
    28 | D:1      | Reached skill level 3 in Axes
   179 | D:1      | Gained mutation: You regenerate a little health from kills.
                  | [demonic ancestry]
   179 | D:1      | Reached XP level 2. HP: 24/24 MP: 2/2
   752 | D:1      | Reached ** piety under Trog
   753 | D:1      | Gained mutation: You have sharp toenails. [demonic
                  | ancestry]
   753 | D:1      | Reached XP level 3. HP: 29/29 MP: 3/3
  1277 | D:2      | Reached skill level 4 in Axes
  1545 | D:2      | Found a faded altar of an unknown god.
  1756 | D:2      | Gained mutation: You have razor-sharp toenails. [demonic
                  | ancestry]
  1756 | D:2      | Reached XP level 4. HP: 35/35 MP: 4/4
  2578 | D:2      | Reached skill level 5 in Axes
  2985 | D:3      | Reached XP level 5. HP: 39/41 MP: 5/5
  3061 | D:3      | Noticed a necrophage
  3069 | D:3      | Reached skill level 6 in Axes
  3070 | D:3      | Killed a necrophage
  3071 | D:3      | Reached XP level 6. HP: 42/47 MP: 6/6
  3074 | D:3      | Reached *** piety under Trog
  3639 | D:4      | Reached skill level 7 in Axes
  3709 | D:4      | Noticed Eustachio
  3779 | D:3      | Killed Eustachio
  3780 | D:3      | Gained mutation: You are partially covered in icy blue
                  | scales. (AC +2) [demonic ancestry]
  3780 | D:3      | Reached XP level 7. HP: 51/52 MP: 7/7
  4133 | D:4      | Reached skill level 8 in Axes
  4591 | D:5      | Entered Level 5 of the Dungeon
  5016 | D:5      | Reached skill level 9 in Axes
  5016 | D:5      | Gained mutation: You regenerate health from kills. [demonic
                  | ancestry]
  5016 | D:5      | Reached XP level 8. HP: 58/58 MP: 8/8
  5084 | D:5      | Found a staircase to the Ecumenical Temple.
  5756 | D:6      | Reached **** piety under Trog
  5918 | D:6      | Identified the +6 hand axe "Umamucin" {holy, Int+3}
  6068 | D:6      | Reached skill level 10 in Axes
  6692 | D:5      | Reached skill level 11 in Axes
  6692 | D:5      | Reached XP level 9. HP: 50/63 MP: 9/9
  7027 | D:7      | Noticed Joseph
  8095 | D:7      | Killed Joseph
  8096 | D:7      | Reached skill level 12 in Axes
  8225 | D:7      | Noticed a +0 dagger
  8225 | D:7      | Noticed a +0 dagger
  8226 | D:7      | Found a hide-covered altar of Uskayaw.
  8434 | D:7      | Noticed Pikel
  8483 | D:7      | Killed Pikel
  8707 | D:7      | Reached skill level 13 in Axes
  8840 | D:7      | Found Kiggifyl's Antique Weapon Shop.
  8845 | D:7      | Bought a glowing broad axe for 196 gold pieces
  8948 | D:7      | Reached XP level 10. HP: 70/70 MP: 10/10
  9163 | D:8      | Reached ***** piety under Trog
  9228 | D:8      | Found Ojetheyf's Book Emporium.
  9405 | D:8      | Noticed a gargoyle
  9405 | D:8      | Noticed a two-headed ogre
  9415 | D:8      | Killed a two-headed ogre
  9416 | D:8      | Reached skill level 14 in Axes
  9418 | D:8      | Noticed a brown ugly thing
  9427 | D:8      | Killed a brown ugly thing
  9434 | D:8      | Killed a gargoyle
  9435 | D:8      | Noticed a four-headed hydra
  9557 | D:8      | Killed a four-headed hydra
  9584 | D:8      | Slain by a wight

Illustrated notes

Levels and vault maps discovered:
D:1:      lightli_arrival_noodles, layout_loops_corners
D:2:      layout_loops_corners, basic_ecumenical_altar,
          kennysheep_generic_room_14
D:3:      layout_basic
D:4:      layout_cave_pods, grunt_ministairs_8, uniq_eustachio
D:5:      layout_loops_ring, minmay_temple_entry_statues_fountains,
          small_statue_intersection, minmay_misc_feat_doors
D:6:      layout_gridville, hex_medium
D:7:      layout_gridville, dancing_weapons_uskayaw, serial_shops,
          shop_fountains, minmay_misc_feat_roman, kennysheep_potato,
          uniq_joseph, uniq_pikel
D:8:      minmay_the_grid_four_pointed_star
          [minmay_the_grid_triangle_9x9_subtriangle,
          minmay_the_grid_triangle_9x9_dagger,
          minmay_the_grid_triangle_9x9_steps,
          minmay_the_grid_triangle_9x9_limited_checkers,
          minmay_the_grid_prize_big_room], layout_cave_pools, serial_shops,
          nicolae_shop_crystal, hangedman_abyss_or_decor_jellyfish_corner

Skill      XL: |  1  2  3  4  5  6  7  8  9 10 |
---------------+-------------------------------+-----
Axes           | 3 4 5 6 7 9 11 13 14 | 14.7
Fighting       | |  3.0
Armour         | |  1.7
Dodging        | |  1.7

Action                   |  1- 3 |  4- 6 |  7- 9 | 10-12 || total
-------------------------+-------+-------+-------+-------++-------
Melee: Hand axe          |   100 |   139 |       |       ||   239
       Kick              |    17 |    35 |    75 |    17 ||   144
       Rapier            |       |       |   285 |    10 ||   295
       Broad axe         |       |       |       |    53 ||    53
Invok: Berserk           |     2 |     4 |     3 |     4 ||    13
  Use: Scroll            |       |       |       |     3 ||     3
Armor: Animal skin       |     3 |       |       |       ||     3
       Ring mail         |    27 |       |       |       ||    27
       Scale mail        |    13 |    38 |       |       ||    51
       Chain mail        |       |    15 |   214 |    36 ||   265
       Plate armour      |       |       |       |    62 ||    62
Dodge: Dodged            |    66 |    73 |   221 |    43 ||   403

Table legend: (Time is in decaauts)
 A = Elapsed time spent in this place.
 B = Non-inter-level travel time spent in this place.
 C = Inter-level travel time spent in this place.
 D = Time resting spent in this place.
 E = Time spent auto-exploring this place.
 F = Levels seen in this place.
 G = Mean time per level.
                   A        B        C        D        E       F      G
               +--------+--------+--------+--------+--------+-----+--------+
         Total |   9793 |   9584 |    209 |   1630 |   6245 |   8 | 1224.1 |
       Dungeon |   9793 |   9584 |    209 |   1630 |   6245 |   8 | 1224.1 |
               +--------+--------+--------+--------+--------+-----+--------+

Top non-repeatable levels by time:
     D:6: 2386 daAuts
     D:2: 1431 daAuts
     D:1: 1253 daAuts
     D:3: 1136 daAuts
     D:5: 1112 daAuts
     D:7: 1076 daAuts
     D:4: 853 daAuts
     D:8: 543 daAuts
